 Dungeon Crawl Stone Soup version 0.23.2-33-g5129a83184 (webtiles) character file.

Game seed: 5150130540738638921

70 Felnil the Skirmisher (level 4, -15/37 HPs)
             Began as a Mummy Fighter on Aug 8, 2019.
             Demolished by an ogre
             ... wielding a +0 giant club
              (18 damage)
             ... on level 2 of the Dungeon.
             The game lasted 00:03:54 (1206 turns).

Felnil the Skirmisher (Mummy Fighter)               Turns: 1206, Time: 00:03:54

Health: -15/37     AC:  6    Str: 20    XL:     4   Next: 4%
Magic:  4/4        EV:  7    Int:  7    God:
Gold:   34         SH:  8    Dex: 11    Spells: 3/3 levels left

rFire    x . .     SeeInvis .   a - +0 war axe
rCold    + . .     Gourm    .   c - +0 shield
rNeg     + + +     Faith    .   b - +0 scale mail
rPois    ∞         Spirit   .   (no helmet)
rElec    .         Reflect  .   (no cloak)
rCorr    .         Harm     .   (no gloves)
MR       .....                  (no boots)
Stlth    ..........             (no amulet)
HPRegen  0.12/turn              e - +2 ring of slaying
MPRegen  0.09/turn              g - ring of attention (curse)

@: no status effects
A: no food or potions, fire vulnerability, cold resistance 1, negative energy
resistance 3, torment resistance, unbreathing
a: no special abilities


You were on level 2 of the Dungeon.
You were not hungry.

You visited 1 branch of the dungeon, and saw 2 of its levels.

You collected 34 gold pieces.

Inventory:

Hand Weapons
 a - a +0 war axe (weapon)
Armour
 b - a +0 scale mail (worn)
 c - a +0 shield (worn)
Jewellery
 e - a +2 ring of slaying (left hand)
 g - a cursed ring of attention (right hand)
Scrolls
 f - a scroll of noise


   Skills:
 + Level 4.1 Fighting
 - Level 1.5 Axes
 + Level 3.3 Armour
 - Level 2.4 Shields


You had 3 spell levels left.
You didn't know any spells.
Your spell library was empty.

Dungeon Overview and Level Annotations

Branches:
Dungeon (2/15)

Altars:
Hepliaklqana
Makhleb


Innate Abilities, Weirdness & Mutations

You do not eat or drink.
Your flesh is vulnerable to fire.
You are immune to poison.
Your flesh is cold resistant. (rC+)
You are immune to negative energy. (rN+++)
You are immune to unholy pain and torment.
You can survive without breathing.


Message History

The frilled lizard looks frightened!
The bat looks frightened!
The rat looks frightened!
You hit the ogre.
Your attack snaps the ogre out of its fear.
The ogre is lightly wounded.
The ogre barely misses you.
The ogre hits you with a +0 giant club!!
Ouch! That really hurt!
* * * LOW HITPOINT WARNING * * *
Really read the scroll of noise?
Okay, then.
You slash the ogre!
The ogre is moderately wounded.
The bat hits you but does no damage. x2; The ogre barely misses you.
You hit the ogre.
The ogre is moderately wounded.
You hit the bat.
You kill the bat!
The ogre hits you with a +0 giant club!!
You die...

#....†)..# #........#
## . #........# #. ...
#........# #. ....
########........# #.
....##......#........#
#.
.................#####
#. .................#
#. ............O@...#
#. ............######
.. ................# .
................# .
.......#####..†.#
....... #....# .......
#....# ....... #....#
..... #....#


You could see an ogre.

Vanquished Creatures
  Jessica (D:2)
  An adder (D:2)
  2 worms (D:2)
  2 dart slugs
  A leopard gecko (D:2)
  5 bats
  2 giant cockroaches
  4 goblins (D:2)
  2 hobgoblins (D:2)
  A quokka (D:2)
  2 ball pythons
  3 rats
26 creatures vanquished.

Notes
Turn   | Place    | Note
-------+----------+-------------------------------------------
     0 | D:1      | Felnil the Mummy Fighter began the quest for the Orb.
     0 | D:1      | Reached XP level 1. HP: 18/18 MP: 1/1
   397 | D:1      | Reached XP level 2. HP: 23/24 MP: 2/2
   789 | D:2      | Found a hazy altar of Hepliaklqana.
   824 | D:2      | Noticed Jessica
   829 | D:2      | Killed Jessica
   829 | D:2      | Reached XP level 3. HP: 30/30 MP: 3/3
   946 | D:2      | Found a burning altar of Makhleb.
  1144 | D:2      | Reached skill level 4 in Fighting
  1185 | D:2      | Reached XP level 4. HP: 30/37 MP: 4/4
  1190 | D:2      | Noticed an ogre
  1206 | D:2      | Demolished by an ogre

Skill      XL: |  1  2  3 |
---------------+----------+-----
Armour         | 3 |  3.3
Fighting       | 4 |  4.1
Axes           | |  1.5
Shields        | |  2.4

Action                   |  1- 3 |  4- 6 || total
-------------------------+-------+-------++-------
Melee: War axe           |    66 |     3 ||    69
  Use: Scroll            |     4 |     1 ||     5
Armor: Scale mail        |    29 |     3 ||    32
Dodge: Dodged            |    13 |     2 ||    15
Block: Shield            |    44 |       ||    44
